 Dungeon Crawl Stone Soup version 0.30-a0-591-g3c58d2bc28 (webtiles) character file.

Game seed: 9766189843559124898

1 drugrobin the Sneak (level 1, 0/18 HPs)
             Began as a Demigod Delver on Jan 4, 2023.
             Succumbed to an orc's poison
             ... on level 3 of the Dungeon.
             The game lasted 00:00:41 (50 turns).

drugrobin the Sneak (Demigod Delver)                  Turns: 50, Time: 00:00:42

Health: 0/18       AC:  3    Str: 13    XL:     1   Next: 13%
Magic:  3/3        EV: 11    Int: 12    God:
Gold:   0          SH:  0    Dex: 15    Spells: 0/0 levels left

rFire   . . .      SeeInvis .      - Unarmed
rCold   . . .      Faith    .    (no shield)
rNeg    . . .      Spirit   .    a - +0 leather armour
rPois   .          Reflect  .    (no helmet)
rElec   .          Harm     .    (no cloak)
rCorr   .          Rampage  .    (no gloves)
Will    .....                    (no boots)
Stlth   +++                      (no amulet)
HPRegen 0.23/turn                (no ring)
MPRegen 0.08/turn                (no ring)

@: lethally poisoned (0 -> -6), hasted, very quick
A: high MP 1, forlorn, divine attributes
a: no special abilities


You were on level 3 of the Dungeon.
You visited 1 branch of the dungeon, and saw 3 of its levels.

Inventory:

Armour
 a - a +0 leather armour (worn)
Wands
 f - a wand of digging (3)
Scrolls
 b - a scroll of fog
 c - a scroll of magic mapping


   Skills:
 - Level 2.6 Fighting
 - Level 1.7 Dodging
 - Level 4.5 Stealth
 + Level 1.9 Unarmed Combat


You couldn't memorise any spells.
You didn't know any spells.
Your spell library was empty.

Dungeon Overview and Level Annotations

Branches:
Dungeon (5/15)
 Temple: D:4-7

Annotations:
D:3 Robin
D:4 exclusion: upstairs


Innate Abilities, Weirdness & Mutations

You have an increased reservoir of magic. (+10% MP)
You shall have no god before yourself.
Your divine heritage dramatically boosts your attributes as you level up.


Message History

Unknown command.
Unknown command.
Unknown command.
Unknown command.
Unknown command.
Unknown command.
You feel sick.
An orc comes into view. It is wielding a +0 mace.
The orc misses you.
Unknown command.
Unknown command.
You're too confused to move!
You feel sick.
The orc hits you with a +1 short sword of venom.
You are more poisoned.
The orc wizard points at you and mumbles some strange words.
The puff of flame hits you.
Unknown command.
Unknown command.
Unknown command.
Unknown command.
Unknown command.
The orc wizard attacks as you move away!
The orc wizard hits you with a +0 dagger.
* * * LOW HITPOINT WARNING * * *
You feel less confused.
* * * LOW HITPOINT WARNING * * *
You feel sick.
Unknown command.
Unknown command.
As you read the scroll of fear, it crumbles to dust.
You assume a fearsome visage.
The orc wizard looks frightened!
The orc looks frightened! x2
* * * LOW HITPOINT WARNING * * *
You feel sick.
The orc wizard mumbles some strange words.
The orc wizard flickers and vanishes!
Deactivating autopickup; reactivate with Ctrl-A.
Okay, then.
You feel yourself speed up.
You die...

.._. #### .#
#...# ..# .#
#....##.# .#
#.#...#.##o###
#
#........>...#
...........##.#
#.##.##.#.#
#.....{.#.#
####.@.o..#
#..###### #<.
#.. ... ....
.##.. .. #..


You could see 2 orcs.

Vanquished Creatures
  A goblin (D:4)
1 creature vanquished.

Notes
Turn   | Place    | Note
-------+----------+-------------------------------------------
     0 | D:5      | drugrobin the Demigod Delver began the quest for the Orb.
     0 | D:5      | Reached XP level 1. HP: 18/18 MP: 3/3
    18 | D:3      | Noticed Robin
    38 | D:4      | Noticed a scorpion
    40 | D:3      | Noticed an orc wizard
    50 | D:3      | Succumbed to an orc's poison

Illustrated notes

Levels and vault maps discovered:
D:3:      layout_loops_ring, gammafunk_temple_overflow_claw,
          mainiacjoe_overflow_alcove_1, gammafunk_ghost_abyssal_escape,
          st_stairs_11, minmay_surrounded, uniq_crazy_yiuf_cottage, uniq_ijyb,
          uniq_grinder, uniq_natasha, uniq_robin
D:4:      layout_cave_pools, minmay_temple_entry_glassed_door, uniq_edmund,
          uniq_eustachio, uniq_sigmund
D:5:      minmay_goblin_kobold_castle, layout_cave_pools,
          yredelemnul_altar_generic, mainiacjoe_overflow_alcove_2

Action                   || total
-------------------------++-------
Melee: Unarmed           ||     1
  Use: Scroll            ||     1
       Potion            ||     1
Armor: Leather armour    ||     1
Dodge: Dodged            ||     1

Table legend: (Time is in decaauts)
 A = Elapsed time spent in this place.
 B = Non-inter-level travel time spent in this place.
 C = Inter-level travel time spent in this place.
 D = Time resting spent in this place.
 E = Time spent auto-exploring this place.
 F = Levels seen in this place.
 G = Mean time per level.
                   A        B        C        D        E       F      G
               +--------+--------+--------+--------+--------+-----+--------+
         Total |     49 |     49 |      0 |      0 |      6 |   3 |   16.3 |
       Dungeon |     49 |     49 |      0 |      0 |      6 |   3 |   16.3 |
               +--------+--------+--------+--------+--------+-----+--------+

Top non-repeatable levels by time:
     D:4: 32 daAuts
     D:3: 11 daAuts
     D:5: 6 daAuts
